 Seeded DCSS version 0.28.0 (webtiles) character file.

Game seed: 12455045527757981411 (custom seed)

3616 Illumine the Basher (level 9, -1/83 (84) HPs)
             Began as a Troll Berserker on Apr 9, 2022.
             Was an Elder of Trog.
             Slain by a manticore (10 damage)
             ... on level 8 of the Dungeon.
             The game lasted 00:13:11 (8004 turns).

Illumine the Basher (Troll Berserker)               Turns: 8004, Time: 00:13:12

HP:   -1/83 (84)    AC:  7    Str: 31    XL:     9   Next: 86%
MP:   8/8           EV: 10    Int:  3    God:    Trog [****..]
Gold: 749           SH:  0    Dex:  9    Spells: 8/8 levels left

rFire   . . .      SeeInvis .   A - +0 giant spiked club
rCold   + . .      Faith    .   (shield currently unavailable)
rNeg    . . .      Spirit   .   E - +2 robe {rC+}
rPois   .          Reflect  .   g - +0 hat
rElec   .          Harm     .   B - +0 cloak
rCorr   .          Rampage  .   (gloves unavailable)
Will    ++...                   (boots unavailable)
Stlth   +.........              (no amulet)
HPRegen 2.03/turn               (no ring)
MPRegen 0.11/turn               (no ring)

@: strong-willed, spiked, regenerating, lightly drained
A: large, unfitting armour, claws 3, regeneration 1, shaggy fur 1, tough skin 1
a: Renounce Religion, Berserk, Trog's Hand, Brothers in Arms


You were on level 8 of the Dungeon.
You worshipped Trog.
Trog was greatly pleased with you.
You visited 1 branch of the dungeon, and saw 8 of its levels.
You visited the Abyss 1 time.
You also visited: Ossuary.

You collected 749 gold pieces.

Inventory:

Hand Weapons
 m - a +3 flail
 q - the +4 mace of the Saviour {vorpal, Will+}
   (You found it on level 7 of the Dungeon)

   It inflicts extra damage upon your enemies.
   Will:      It increases your willpower.
 w - a +1 war axe of flaming
 A - a +0 giant spiked club (weapon)
Missiles
 z - 4 poisoned darts (quivered)
Armour
 g - a +0 hat (worn)
 B - a +0 cloak (worn)
 E - a +2 robe of cold resistance (worn)
Jewellery
 G - a ring of magical power
 H - an amulet of magic regeneration
Wands
 s - a wand of paralysis (10)
 C - a wand of acid (14)
 D - a wand of iceblast (6)
Scrolls
 a - 2 scrolls of summoning
 b - a scroll of identify
 h - 2 scrolls of teleportation
 j - a scroll of noise {unknown}
 n - a scroll of enchant weapon {unknown}
 p - a scroll of fear {unknown}
 r - a scroll of fog {unknown}
 t - a scroll of holy word {unknown}
 x - 2 scrolls of amnesia {unknown}
 y - a scroll of torment {unknown}
Potions
 c - 3 potions of flight {unknown}
 d - a potion of resistance {unknown}
 e - 2 potions of haste
 f - 4 potions of invisibility
 i - 5 potions of lignification
 k - 2 potions of heal wounds {unknown}
 l - 3 potions of degeneration {unknown}
 o - a potion of mutation {unknown}
 u - 4 potions of might
 v - a potion of magic {unknown}
 F - a potion of curing {unknown}


   Skills:
 - Level 4.0 Fighting
 * Level 11.4 Maces & Flails
 - Level 5.0 Dodging
 - Level 2.4 Evocations


You had 8 spell levels left.
You didn't know any spells.
Your spell library was empty.

Dungeon Overview and Level Annotations

Branches:
Dungeon (8/15)             Temple (0/1) D:4         Ossuary (visited)
   Lair: D:8-11

Altars:
Dithmenos
Uskayaw
Wu Jian
Yredelemnul

Shops:
D:2 *


Innate Abilities, Weirdness & Mutations

You are too large for most types of armour.
You have claws for hands.
Your natural rate of healing is unusually fast.
You are covered in fur. (AC +1)
You have tough skin. (AC +1)


Message History

You throw a poisoned dart.
The poisoned dart barely misses the manticore.
The manticore flicks its tail.
The volley of spikes hits you!
The barbed spikes become lodged in your body.
Throw: 7 darts (poison)
Press: ? - help, Q - select action, (/) - cycle Shift-Dir - straight line, f/p - manticore
Aim: a manticore (68% to hit)
You throw a poisoned dart. The poisoned dart hits the manticore.
The manticore is poisoned.
Unknown command.
Throw: 6 darts (poison)
Press: ? - help, Q - select action, (/) - cycle Shift-Dir - straight line, f/p - manticore
Aim: a manticore (poisoned, 68% to hit)
You throw a poisoned dart. The poisoned dart hits the manticore.
The manticore flicks its tail.
The volley of spikes hits you!
The barbed spikes become lodged in your body.
Throw: 5 darts (poison)
Press: ? - help, Q - select action, (/) - cycle Shift-Dir - straight line, f/p - manticore
Aim: a manticore (poisoned, 68% to hit)
You throw a poisoned dart. The poisoned dart hits the manticore.
Unknown command.
You impale the manticore!!
The manticore is severely wounded.
The manticore bites you! The manticore claws you!
* * * LOW HITPOINT WARNING * * *
The manticore claws you but does no damage.
Your skin crawls.
You feel strong-willed.
The manticore bites you but does no damage.
The manticore closely misses you. The manticore claws you!
* * * LOW HITPOINT WARNING * * *
You barely miss the manticore.
The manticore is severely wounded.
The manticore bites you!
* * * LOW HITPOINT WARNING * * *
The manticore completely misses you. The manticore barely misses you.
The manticore bites you!
You die...

. . .# . .# . .# . .##
# # (. .. .#########
(##.##ā‰ˆ
.........###H....Pā‰ˆ
...........@......ā‰ˆ
###########.###.##..##
#..................
#.#############.#.#
#.# #.... #.# # ###
###.# ....# #####


You could see a manticore (poisoned).

Vanquished Creatures
  A wizard (D:7)
  Sigmund (D:2)
  Eustachio (D:6)
  Edmund (D:6)
  A water moccasin (D:5)
  Duvessa (D:7)
  2 hornet zombies (D:7)
  4 necrophages
  A black bear (D:5)
  An ice beast (D:4)
  3 ogres
  2 phantoms
  3 bullfrogs
  3 scorpions
  A wyvern skeleton (D:6)
  2 wights (D:7)
  An electric eel (D:7)
  A crimson imp (D:4)
  2 centaur zombies
  A hound (D:6)
  2 human zombies (Ossuary)
  A jelly (D:5)
  Crazy Yiuf (D:3)
  A centaur skeleton (D:5)
  A bullfrog skeleton (D:6)
  2 iguanas
  A scorpion zombie (D:5)
  Ijyb (D:4)
  Natasha (thrice) (D:2)
  An orc wizard (D:5)
  2 killer bee zombies (D:7)
  A hound skeleton (D:5)
  2 howler monkey zombies
  2 mummies (D:7)
  8 gnolls
  A howler monkey skeleton (D:4)
  9 adders
  A shadow imp (D:7)
  2 white imps
  An adder skeleton (D:4)
  2 dart slugs
  15 orcs
  5 bats
  8 endoplasms
  4 giant cockroaches
  13 hobgoblins
  A jackal (D:3)
  7 kobolds
  3 quokkas
  9 ball pythons
  6 frilled lizards
  4 gnoll zombies (Ossuary)
  9 goblins
  2 hobgoblin zombies (Ossuary)
  An orc zombie (Ossuary)
  4 rats
169 creatures vanquished.

Notes
Turn   | Place    | Note
-------+----------+-------------------------------------------
     0 | D:1      | Illumine the Troll Berserker began the quest for the Orb.
     0 | D:1      | Reached XP level 1. HP: 22/22 MP: 0/0
   127 | D:1      | Found a faded altar of an unknown god.
   181 | D:1      | Reached skill level 3 in Maces & Flails
   253 | D:1      | Reached XP level 2. HP: 29/29 MP: 1/1
  1020 | D:2      | Reached skill level 4 in Maces & Flails
  1020 | D:2      | Reached XP level 3. HP: 7/36 MP: 2/2
  1209 | D:2      | Found Nuelawn's Assorted Antiques.
  1226 | D:2      | Reached ** piety under Trog
  1495 | D:2      | Noticed Natasha
  1508 | D:2      | Killed Natasha
  1509 | D:2      | Reached XP level 4. HP: 14/44 MP: 3/3
  1620 | D:2      | Noticed Sigmund
  1778 | D:3      | Reached skill level 5 in Maces & Flails
  1805 | D:2      | HP: 1/44 [gnoll (8)]
  1877 | D:3      | Reached XP level 5. HP: 48/50 MP: 4/4
  2102 | D:3      | Found a runed translucent door.
  2103 | D:3      | Noticed Crazy Yiuf
  2275 | D:3      | Reached *** piety under Trog
  2650 | D:4      | Noticed Ijyb
  2651 | D:4      | Paralysed by Ijyb for 6 turns
  2671 | D:5      | Entered Level 5 of the Dungeon
  2673 | D:5      | Reached skill level 6 in Maces & Flails
  2702 | D:5      | Reached XP level 6. HP: 59/59 MP: 5/5
  2740 | D:5      | Found a sand-covered staircase.
  2745 | Ossuary  | Entered an ossuary
  2938 | D:4      | Paralysed by Ijyb for 5 turns
  2948 | D:4      | Killed Ijyb
  3167 | D:4      | Found a staircase to the Ecumenical Temple.
  3389 | D:4      | Reached XP level 7. HP: 67/67 MP: 6/6
  3589 | D:4      | Reached skill level 7 in Maces & Flails
  4356 | D:5      | Reached **** piety under Trog
  4461 | D:5      | Reached XP level 8. HP: 78/78 MP: 7/7
  4838 | D:5      | Reached skill level 8 in Maces & Flails
  5165 | D:6      | Noticed Eustachio
  5195 | D:6      | Killed Eustachio
  5258 | D:6      | Reached skill level 9 in Maces & Flails
  5421 | D:6      | Reached skill level 5 in Dodging
  5499 | D:6      | Noticed Edmund
  5512 | D:6      | Killed Edmund
  5513 | D:6      | Reached skill level 1 in Evocations
  5513 | D:6      | Reached XP level 9. HP: 68/84 MP: 8/8
  6244 | D:7      | Identified the +4 mace of the Saviour {vorpal, Will+}
  6251 | D:7      | Found a basalt altar of Yredelemnul.
  6254 | D:7      | Found a shadowy altar of Dithmenos.
  6274 | D:7      | Noticed a wizard
  6290 | D:7      | Cast into level 2 of the Abyss (a wizard)
  6311 | D:7      | Escaped the Abyss
  6316 | D:7      | Killed a wizard
  6317 | D:7      | Reached skill level 10 in Maces & Flails
  6622 | D:7      | Found an ornate altar of the Wu Jian Council.
  6627 | D:7      | Noticed a +0 falchion
  6627 | D:7      | Noticed a +0 short sword
  6627 | D:7      | Noticed a +0 short sword
  6628 | D:7      | Noticed a +0 dagger
  6628 | D:7      | Noticed a +0 spear
  6629 | D:7      | Noticed a +0 dagger
  6630 | D:7      | Noticed a +0 falchion
  6630 | D:7      | Noticed a +0 spear
  6632 | D:7      | Found a hide-covered altar of Uskayaw.
  6984 | D:7      | Reached skill level 11 in Maces & Flails
  7079 | D:7      | Noticed Duvessa
  7099 | D:6      | Noticed a rust devil
  7099 | D:6      | Noticed a rust devil
  7109 | D:7      | Killed Duvessa
  7264 | D:2      | Noticed Natasha
  7274 | D:2      | Killed Natasha
  7324 | D:2      | Noticed Natasha
  7329 | D:2      | Killed Natasha
  7607 | D:2      | Found Nuelawn's Assorted Antiques.
  7619 | D:2      | Killed Sigmund
  7678 | D:3      | Killed Crazy Yiuf
  7997 | D:8      | Noticed a manticore
  8004 | D:8      | Slain by a manticore

Illustrated notes

Levels and vault maps discovered:
D:1:      heliophobic_arrival_enchanted_forest, layout_loops_corners,
          nicolae_ecumenical_lake_church, minmay_misc_feat_room
D:2:      layout_loops_ring, serial_shops, nicolae_shop_advertising_works
          [nicolae_subvault_shop_adworks], uniq_natasha, uniq_sigmund
D:3:      layout_rooms, hangedman_abyss_or_decor_stabs, chequers_arboretum,
          minmay_fractal_squares_diagonal_5, uniq_crazy_yiuf_cottage
D:4:      layout_cave_pods, lemuel_temple_firewalk_b, serial_column_ruins,
          column_ruins_square_large, column_ruins_hut_pillars,
          column_ruins_grid_1, column_ruins_open_small, column_ruins_grid_1,
          minmay_fire_ice_demons, uniq_ijyb
D:5:      layout_loops_cross, enter_ossuary_5, serial_bayou_pond_d
D:6:      cheibrodos_iron_armory, layout_layer_cave, uniq_eustachio, uniq_edmund
D:7:      cheibrodos_wizards_tower, layout_gridville, nicolae_uskayaw_en_pointe,
          nicolae_hepliaklqana_monster_ancestors, amcnicky_altar_gilded,
          mainiacjoe_overflow_catwalk_spiral, serial_undead, serial_undead_d,
          serial_undead_c, serial_undead_e, serial_undead_f, serial_undead_f,
          serial_undead_d, due_unseen_surprise, uniq_duvessa
D:8:      layout_loops_ring, serial_bayou, serial_bayou_lagoon_a,
          serial_bayou_lake_a, serial_bayou_ford_a, serial_bayou_pond_d,
          roderic_lattice_a

Skill      XL: |  1  2  3  4  5  6  7  8  9 |
---------------+----------------------------+-----
Maces & Flails | 3 4 5 6 7 9 11 | 11.4
Fighting       | 3 4 |  4.0
Dodging        | 3 5 |  5.0
Evocations     | 1 2 |  2.4

Action                   |  1- 3 |  4- 6 |  7- 9 || total
-------------------------+-------+-------+-------++-------
Melee: Mace              |   113 |    45 |       ||   158
       Punch             |     4 |       |     1 ||     5
       Flail             |       |   166 |    40 ||   206
       Giant spiked club |       |       |   255 ||   255
Throw: Throwing net      |       |       |     2 ||     2
       Dart              |       |       |     4 ||     4
Invok: Berserk           |       |     1 |     2 ||     3
       Trog's Hand       |       |       |     2 ||     2
Evoke: Wand              |       |       |     2 ||     2
  Use: Scroll            |       |       |     4 ||     4
 Stab: Sleeping          |     1 |       |       ||     1
       Held in net/web   |       |       |     1 ||     1
Armor: Animal skin       |    40 |    69 |   117 ||   226
       Robe              |       |       |    24 ||    24
Dodge: Dodged            |    69 |   159 |   217 ||   445
